 Dungeon Sprint DCSS version 0.23-a0-451-g1044d4c (webtiles) character file.

420 Dfrag the Skirmisher (level 6, -10/67 HPs)
             Began as a Naga Fighter on Nov 23, 2018.
             Was an Initiate of Makhleb.
             Mangled by a two-headed ogre
             ... wielding a +0 giant club
              (29 damage)
             ... in the Dungeon (Sprint IX: "|||||||||||||||||||||||||||||").
             The game lasted 00:01:43 (323 turns).

Dfrag the Skirmisher (Naga Fighter)                  Turns: 323, Time: 00:01:44

Health: -10/67     AC: 12    Str: 21    XL:     6   Next: 94%
Magic:  6/6        EV:  7    Int:  8    God:    Makhleb [......]
Gold:   0          SH: 10    Dex: 13    Spells: 5/5 levels left

rFire    . . .     SeeInvis +   p - +3 war axe (flame)
rCold    . . .     Gourm    .   c - +0 shield
rNeg     . . .     Faith    .   s - +2 ring mail
rPois    +         Spirit   .   q - +0 helmet
rElec    .         Reflect  .   (no cloak)
rCorr    .         Harm     .   r - +0 pair of gloves
MR       .....     NoTele   +   (no barding)
Stlth    +.........             (no amulet)
HPRegen  0.21/turn              t - +2 ring of protection
MPRegen  0.10/turn              u - +3 ring of dexterity

@: hasted, quick
A: large, see invisible, deformed body, poison resistance, slowness 2, slow
metabolism 1, spit poison 1, AC +2
a: Spit Poison, Renounce Religion


You were in the Dungeon.
You worshipped Makhleb.
Makhleb was noncommittal.
You were not hungry.

You visited 1 branch

Inventory:

Hand Weapons
 a - a +0 flail
 n - the +4 quarterstaff "Egyj Pie" {vamp, rF- Int+4}
   (You found it in the Dungeon)

   It inflicts no extra harm, but heals its wielder when it wounds a living foe.
   It affects your intelligence (+4).
   It makes you vulnerable to fire.
 o - a +2 halberd of protection
 p - a +3 war axe of flaming (weapon)
Armour
 b - a +0 scale mail
 c - a +0 shield (worn)
 q - a +0 helmet (worn)
 r - a +0 pair of gloves (worn)
 s - a +2 ring mail (worn)
Jewellery
 t - a +2 ring of protection (left hand)
 u - a +3 ring of dexterity (right hand)
Wands
 m - a wand of iceblast (10)
Scrolls
 j - 3 scrolls of remove curse
 k - 2 scrolls of blinking
 l - 2 scrolls of amnesia
Potions
 d - a potion of invisibility
 e - a potion of heal wounds
 g - 4 potions of curing
 i - 4 potions of magic
Comestibles
 f - a ration


   Skills:
 + Level 7.8 Fighting
 + Level 7.4 Maces & Flails
 + Level 6.5 Armour
 + Level 6.4 Shields


You had 5 spell levels left.
You didn't know any spells.
Your spell library was empty.

Dungeon Overview and Level Annotations

Branches:
Dungeon (1/1)

Altars:
Cheibriados
Dithmenos
Elyvilon
Fedhas
Gozag
Hepliaklqana
Kikubaaqudgha
Makhleb
Nemelex Xobeh
Okawaru
Qazlal
Ru
Sif Muna
Trog
Uskayaw
Vehumet
Wu Jian
Xom
Yredelemnul
Zin
The Shining One
Beogh
Jiyva
Lugonu


Innate Abilities, Weirdness & Mutations

You cannot wear boots.
Your serpentine skin is tough. (AC +2)
You have supernaturally acute eyesight. (SInv)
Armour fits poorly on your strangely shaped body.
Your system is resistant to poisons. (rPois)
You cover ground very slowly.
You have a slow metabolism.
You can spit poison.


Message History

The two-headed ogre hits you with a +0 giant club!
The two-headed ogre hits you with a +0 giant club.
* * * LOW HITPOINT WARNING * * *
You feel much better.
The two-headed ogre hits you with a +0 giant club!
The two-headed ogre hits you with a +0 giant club.
* * * LOW HITPOINT WARNING * * *
You feel yourself speed up.
The two-headed ogre hits you with a +0 giant club.
* * * LOW HITPOINT WARNING * * *
The two-headed ogre hits you but does no damage.
You slash the two-headed ogre! You burn the two-headed ogre.
The two-headed ogre is moderately wounded.
You block the two-headed ogre's attack. x2
You barely miss the two-headed ogre.
The two-headed ogre is moderately wounded.
You slash the two-headed ogre! You burn the two-headed ogre.
The two-headed ogre is heavily wounded.
The two-headed ogre hits you with a +0 giant club!!
You die...

▓.▓
▓.▓
▓|▓
▓)▓
▓.▓
▓.▓
▓.▓
▓.▓
▓@▓
▓O▓
▓o▓
▓o▓
▓o▓
▓.▓
▓.▓
▓.▓


You could see a two-headed ogre and 3 orc warriors.

Vanquished Creatures
  A yak (D)
  A phantom (D)
  An ogre (D)
  A scorpion (D)
  A howler monkey (D)
  A shadow imp (D)
  2 bats (D)
  A goblin (D)
  A jackal (D)
  2 kobolds (D)
12 creatures vanquished.

Notes
Turn   | Place    | Note
-------+----------+-------------------------------------------
     0 | D        | Dfrag the Naga Fighter began the quest for the Orb.
     0 | D        | Reached XP level 1. HP: 21/21 MP: 1/1
    45 | D        | Reached XP level 2. HP: 25/28 MP: 2/2
    74 | D        | Noticed a howler monkey
    74 | D        | Noticed a scorpion
    74 | D        | Noticed an ogre
    90 | D        | Killed a howler monkey
    90 | D        | Reached XP level 3. HP: 8/37 MP: 3/3
    99 | D        | Killed a scorpion
    99 | D        | Reached skill level 5 in Fighting
    99 | D        | Reached XP level 4. HP: 12/46 MP: 4/4
   105 | D        | Killed an ogre
   105 | D        | Reached skill level 5 in Maces & Flails
   105 | D        | Reached skill level 5 in Armour
   105 | D        | Reached skill level 5 in Shields
   105 | D        | Reached XP level 5. HP: 24/55 MP: 5/5
   114 | D        | Found a roughly hewn altar of Beogh.
   114 | D        | Found a snail-covered altar of Cheibriados.
   114 | D        | Found a shadowy altar of Dithmenos.
   114 | D        | Found a white marble altar of Elyvilon.
   114 | D        | Found a blossoming altar of Fedhas.
   114 | D        | Found an opulent altar of Gozag.
   115 | D        | Found a hazy altar of Hepliaklqana.
   116 | D        | Found a viscous altar of Jiyva.
   117 | D        | Found an ancient bone altar of Kikubaaqudgha.
   118 | D        | Found a corrupted altar of Lugonu.
   119 | D        | Found a burning altar of Makhleb.
   120 | D        | Found a sparkling altar of Nemelex Xobeh.
   121 | D        | Found an iron altar of Okawaru.
   122 | D        | Found a stormy altar of Qazlal.
   123 | D        | Found a sacrificial altar of Ru.
   124 | D        | Found a deep blue altar of Sif Muna.
   125 | D        | Found a bloodstained altar of Trog.
   126 | D        | Found a hide-covered altar of Uskayaw.
   127 | D        | Became a worshipper of Makhleb the Destroyer
   128 | D        | Found a radiant altar of Vehumet.
   129 | D        | Found an ornate altar of the Wu Jian Council.
   130 | D        | Found a shimmering altar of Xom.
   131 | D        | Found a basalt altar of Yredelemnul.
   132 | D        | Found a glowing silver altar of Zin.
   133 | D        | Found a glowing golden altar of the Shining One.
   150 | D        | Got the +4 quarterstaff "Egyj Pie" {vamp, rF- Int+4}
   304 | D        | Noticed a phantom
   304 | D        | Noticed a yak
   304 | D        | Noticed an orc warrior
   304 | D        | Noticed a two-headed ogre
   304 | D        | Noticed an orc warrior
   304 | D        | Noticed an orc warrior
   311 | D        | Killed a phantom
   311 | D        | Reached XP level 6. HP: 40/63 MP: 6/6
   315 | D        | Killed a yak
   323 | D        | Mangled by a two-headed ogre

Vault maps used:
D:        linesprint

Skill      XL: |  1  2  3  4  5  6 |
---------------+-------------------+-----
Maces & Flails | 4 5 6 7 |  7.4
Armour         | 3 4 5 6 |  6.5
Shields        | 3 4 5 6 |  6.4
Fighting       | 4 5 6 7 |  7.8

Action                   |  1- 3 |  4- 6 || total
-------------------------+-------+-------++-------
Melee: Flail             |    56 |     7 ||    63
       War axe           |       |    16 ||    16
 Abil: Spit Poison       |     4 |     1 ||     5
  Use: Potion            |     3 |     3 ||     6
Armor: Scale mail        |    27 |       ||    27
       Ring mail         |       |     8 ||     8
Dodge: Dodged            |    13 |     5 ||    18
Block: Shield            |    36 |    11 ||    47

Table legend:
 A = Non-vault XP
 B = Vault XP
 C = Vault XP percentage of total XP
 D = Non-vault monster count
 E = Vault monster count
 F = Vault count percentage of total count
                 A         B        C        D         E       F
            +---------+---------+-------+---------+---------+-------
      Total |       0 |     600 | 100.0 |       0 |      12 | 100.0
            +---------+---------+-------+---------+---------+-------
          D |       0 |     600 | 100.0 |       0 |      12 | 100.0
            +---------+---------+-------+---------+---------+-------
